 Dungeon Crawl Stone Soup version 0.19-a0-1932-g59670f6 (webtiles) character file.

1734 spe3d0 the Protected (level 9, 0/51 HPs)
             Began as a Gargoyle Berserker on Oct 25, 2016.
             Was an Elder of Trog.
             Slain by a killer bee (1 damage)
             ... on level 7 of the Dungeon.
             The game lasted 00:21:51 (5510 turns).

spe3d0 the Protected (Gargoyle Berserker)           Turns: 5510, Time: 00:21:55

Health: 0/51       AC: 24    Str: 26    XL:     9   Next: 5%
Magic:  8/8        EV:  8    Int: 13    God:    Trog [****..]
Gold:   442        SH:  2    Dex: 12    Spells: 0 memorised, 8 levels left

rFire  . . .     SeeInvis .     l - +0 mace (protect)
rCold  . . .     Gourm    .     i - +0 plate armour
rNeg   + . .     Faith    .     (no shield)
rPois  ∞         Spirit   .     (no helmet)
rElec  +         Reflect  +     u - +1 cloak
rCorr  .         Harm     .     (no gloves)
MR     .....                    (no boots)
Stlth  ..........               j - +2 amulet of reflection
                                (no ring)
                                O - +2 ring of protection

@: mighty, brilliant, exhausted, slowed, very slow
A: low mp 1, negative energy resistance 1, electricity resistance, unbreathing,
petrification resistance, rot immunity, AC +5
a: Berserk, Trog's Hand, Brothers in Arms, Burn Spellbooks, Renounce Religion


You were on level 7 of the Dungeon.
You worshipped Trog.
Trog was greatly pleased with you.
You were hungry.

You visited 1 branch of the dungeon, and saw 7 of its levels.
You also visited: Sewer.

You collected 442 gold pieces.


Innate Abilities, Weirdness & Mutations

You are resistant to torment.
Your stone body is resilient. (AC +5)
You are immune to poison.
You resist negative energy. (rN+)
You are resistant to electric shocks. (rElec)
You can survive without breathing.
You are immune to petrification.
You are immune to rotting.
Your magical capacity is low. (-10% MP)


   Skills:
 - Level 3.2 Fighting
 * Level 8.7 Maces & Flails
 * Level 8.9 Armour
 - Level 1.5 Dodging


You had 8 spell levels left.
You didn't know any spells.

Inventory:

Hand Weapons
 a - a +0 mace
 l - a +0 mace of protection (weapon)
Armour
 b - a +0 animal skin
 e - a +0 ring mail
 i - a +0 plate armour (worn)
 u - a +1 cloak (worn)
Magical Staves
 F - an uncursed staff of poison {unknown}
Jewellery
 j - a +2 amulet of reflection (around neck)
 O - a +2 ring of protection (left hand)
Wands
 t - a wand of acid (9/15)
 H - a wand of lightning (8/15)
Scrolls
 d - a scroll of immolation {!r}
 f - a scroll of enchant weapon {unknown}
 g - 3 scrolls of teleportation {@r4}
 k - 4 scrolls of amnesia
 n - 3 scrolls of remove curse {@r2}
 v - a scroll of enchant armour {unknown}
 w - a scroll of recharging {unknown}
 y - a scroll of blinking {unknown}
 z - a scroll of fear {unknown}
 D - a scroll of vulnerability {unknown}
 E - 3 scrolls of identify {@r1}
Potions
 m - a potion of brilliance
 p - 2 potions of agility
 q - 7 potions of flight
 s - 4 potions of resistance
 x - a potion of might
 C - a potion of degeneration {unknown}
 G - a potion of heal wounds {unknown}
Comestibles
 c - 4 bread rations {@e1}
 h - a royal jelly {@e3}
 r - 3 meat rations {@e1}

Dungeon Overview and Level Annotations

Branches:
Dungeon (7/15)             Temple (0/1) D:6

Altars:
Elyvilon
Hepliaklqana

####.#######.#
.......y§§%..#
.###.###@###.#
#..§y§§#
#####[§.....
#.......
#.###.## ..#
.# #.. # ###


You could see 2 killer bees.


Message History

The killer bee stings you but does no damage.
The killer bee misses you. The killer bee barely misses you.
The killer bee stings you but does no damage.
The killer bee stings you.
* * * LOW HITPOINT WARNING * * *
Your plate armour prevents you from hitting the killer bee.
The killer bee is heavily wounded.
The killer bee closely misses you.
The killer bee stings you but does no damage. x3
The killer bee closely misses you. The killer bee barely misses you.
Unknown command.
You thump the killer bee!
Your weapon exudes an aura of protection.
The killer bee is almost dead.
The killer bee stings you.
* * * LOW HITPOINT WARNING * * *
The killer bee stings you but does no damage. x2
The killer bee stings you.
* * * LOW HITPOINT WARNING * * *
The killer bee stings you but does no damage.
The killer bee stings you.
* * * LOW HITPOINT WARNING * * *
Okay, then.
As you read the scroll of fog, it crumbles to dust.
The scroll dissolves into smoke.
The killer bee stings you but does no damage.
The killer bee closely misses you.
The killer bee stings you but does no damage. x2
You block the killer bee's attack. The killer bee stings you.
You die...

Skill      XL: |  1  2  3  4  5  6  7  8 |
---------------+-------------------------+-----
Maces & Flails | 4 5 6 7 8 |  8.7
Armour         | 3 4 5 6 8 |  8.9
Fighting       | |  3.2
Dodging        | |  1.5

Action                   |  1- 3 |  4- 6 |  7- 9 || total
-------------------------+-------+-------+-------++-------
Melee: Mace              |   173 |   176 |   359 ||   708
Invok: Berserk           |       |     2 |     6 ||     8
  Use: Scroll            |       |     5 |     7 ||    12
       Potion            |       |       |     5 ||     5
  Eat: Chunk             |     1 |     4 |     7 ||    12
       Pizza             |       |     2 |     1 ||     3
       Fruit             |       |       |     3 ||     3
       Bread ration      |       |       |     1 ||     1
Armor: Animal skin       |     3 |       |       ||     3
       Plate armour      |   127 |   127 |   505 ||   759
       Ring mail         |     5 |       |       ||     5
Dodge: Dodged            |    83 |    64 |   232 ||   379
Block: Other             |     9 |    12 |    53 ||    74

Vault maps used:
D:1:      erik_arrival_orb_chamber
D:2:      uniq_iyjb
D:3:      chequers_temple_overflow_minitemple, minmay_strange_pillars
D:4:      portal_sewer_entry_b
D:5:      first_bread, uniq_grinder
D:6:      nicolae_whirlpool, nicolae_overflow_crystal_walls, serial_glass,
          glass_columns_a, glass_columns_a, serial_bayou_crossing
D:7:      serial_shops, shop, enter_ossuary_3, trog_book, uniq_menkaure
Sewer:    sewer_co_purgy_island

Notes
Turn   | Place    | Note
-------+----------+-------------------------------------------
     0 | D:1      | spe3d0 the Gargoyle Berserker began the quest for the Orb.
     0 | D:1      | Reached XP level 1. HP: 14/14 MP: 1/1
    22 | D:1      | Reached XP level 2. HP: 16/19 MP: 2/2
   196 | D:1      | Reached XP level 3. HP: 23/23 MP: 3/3
   284 | D:1      | Reached ** piety under Trog
   474 | D:1      | Reached skill level 4 in Maces & Flails
   833 | D:2      | Reached skill level 3 in Armour
  1074 | D:2      | Noticed Ijyb
  1090 | D:2      | Killed Ijyb
  1090 | D:2      | Reached XP level 4. HP: 28/28 MP: 4/4
  1206 | D:3      | Noticed a black bear
  1218 | D:3      | Killed a black bear
  1218 | D:3      | Reached skill level 4 in Armour
  1218 | D:3      | Reached XP level 5. HP: 24/32 MP: 5/5
  1393 | D:3      | Reached skill level 5 in Maces & Flails
  1482 | D:3      | Reached *** piety under Trog
  1689 | D:3      | Reached XP level 6. HP: 37/37 MP: 6/6
  1816 | D:3      | Found a faded altar of an unknown god.
  1816 | D:3      | Found a faded altar of an unknown god.
  1828 | D:3      | Found a white marble altar of Elyvilon.
  1830 | D:3      | Found a faded altar of an unknown god.
  1842 | D:3      | Found a faded altar of an unknown god.
  2300 | D:4      | Reached skill level 5 in Armour
  2466 | D:4      | Noticed an ice beast
  2479 | D:4      | Killed an ice beast
  2479 | D:4      | Reached skill level 6 in Maces & Flails
  2625 | D:4      | Reached XP level 7. HP: 39/41 MP: 7/7
  2765 | D:4      | Found a glowing drain.
  2857 | Sewer    | Entered a sewer
  2908 | Sewer    | Noticed Purgy
  2924 | Sewer    | Killed Purgy
  2924 | Sewer    | Reached skill level 6 in Armour
  2952 | Sewer    | Noticed fooot's ghost (amateur CeTm)
  2960 | Sewer    | Killed fooot's ghost
  3332 | D:5      | Entered Level 5 of the Dungeon
  3387 | D:5      | Identified 4 potions of resistance
  3488 | D:5      | Noticed Grinder
  3675 | D:5      | Reached skill level 7 in Maces & Flails
  3684 | D:5      | Reached XP level 8. HP: 21/46 MP: 8/8
  3686 | D:5      | Reached skill level 7 in Armour
  3972 | D:5      | Paralysed by Grinder for 5 turns
  3997 | D:5      | Paralysed by Grinder for 3 turns
  4008 | D:5      | Killed Grinder
  4235 | D:5      | Gained mutation: Your magical capacity is low. (-10% MP) [mutagenic meat]
  4820 | D:6      | Found a staircase to the Ecumenical Temple.
  4874 | D:6      | Reached **** piety under Trog
  4874 | D:6      | Reached skill level 8 in Maces & Flails
  4874 | D:6      | Reached skill level 8 in Armour
  5151 | D:6      | Found a hazy altar of Hepliaklqana.
  5480 | D:7      | Reached XP level 9. HP: 24/51 MP: 8/8
  5509 | D:7      | HP: 4/51 [killer bee (4)]
  5509 | D:7      | HP: 1/51 [killer bee (3)]
  5510 | D:7      | Slain by a killer bee

Vanquished Creatures
  Grinder (D:5)
  An ice beast (D:4)
  Purgy (Sewer)
  A sky beast (D:5)
  A black bear (D:3)
  The ghost of fooot the Ruffian, an amateur CeTm (Sewer)
  An ogre (D:5)
  A centaur (D:6)
  A gnoll sergeant (D:6)
  A scorpion (D:4)
  4 killer bees (D:7)
  A bullfrog zombie (D:6)
  A quasit (D:6)
  2 jellies
  3 orc priests
  A hound (D:6)
  5 worker ants
  Ijyb (D:2)
  An orc wizard (D:5)
  6 gnolls
  6 adders
  A river rat (D:4)
  3 worms
  4 dart slugs
  3 leopard geckos
  8 orcs
  A ball python (Sewer)
  3 bats
  9 giant cockroaches
  5 goblins
  7 hobgoblins
  4 jackals (D:1)
  8 kobolds
  2 quokkas
  8 frilled lizards
  A jackal skeleton (D:4)
  21 rats
129 creatures vanquished.
